 Dungeon Crawl Stone Soup version 0.28-a0-1389-gc726bef33b (webtiles) character file.

Game seed: 10837984891368228822

3 thegreatkingdan the Ruffian (level 1, 0/16 HPs)
             Began as a Draconian Transmuter on Jan 4, 2022.
             Frozen to death by an endoplasm (4 damage)
             ... on level 1 of the Dungeon.
             The game lasted 00:01:54 (88 turns).

thegreatkingdan the Ruffian (Draconian Transmuter)    Turns: 88, Time: 00:01:55

Health: 0/16       AC:  4    Str: 12    XL:     1   Next: 41%
Magic:  2/3        EV: 12    Int: 13    God:
Gold:   0          SH:  0    Dex: 11    Spells: 3/4 levels left

rFire   . . .      SeeInvis .   c - +0 short sword
rCold   . . .      Faith    .   (no shield)
rNeg    . . .      Spirit   .   (armour unavailable)
rPois   .          Reflect  .   (helmet restricted)
rElec   .          Harm     .   (no cloak)
rCorr   .          Rampage  .   (no gloves)
Will    .....                   (no boots)
Stlth   +.........              (no amulet)
HPRegen 0.05/turn               (no ring)
MPRegen 0.08/turn               (no ring)

@: slowed, very slow
A: AC +4, unfitting armour, cold-blooded
a: no special abilities


You were on level 1 of the Dungeon.
You visited 1 branch of the dungeon, and saw 1 of its levels.

Inventory:

Hand Weapons
 c - a +0 short sword (weapon)
Missiles
 d - 2 stones
Scrolls
 a - a scroll of holy word {unknown}
 b - a scroll of magic mapping {unknown}


   Skills:
 + Level 1.2 Fighting
 + Level 1.8 Dodging
 + Level 3.0 Unarmed Combat
 + Level 2.0 Spellcasting
 + Level 2.0 Transmutations


You had 3 spell levels left.
You knew the following spells:

 Your Spells              Type           Power      Damage    Failure   Level
a - Beastly Appendage     Tmut           12%        N/A       11%         1

Your spell library contained the following spells:

 Spells                   Type           Power      Damage    Failure   Level
 Wereblood                Tmut           6%         N/A       16%         2
 Spider Form              Tmut/Pois      4%         N/A       45%         3
 Ice Form                 Ice/Tmut       4%         N/A       86%         4


Dungeon Overview and Level Annotations

Branches:
Dungeon (1/15)

Altars:

Shops:
D:1 *


Innate Abilities, Weirdness & Mutations

Your plain brown scales are hard. (AC +4)
You cannot fit into any form of body armour.
You are cold-blooded and may be slowed by cold attacks.


Message History

The bat hits you but does no damage.
You hit the bat but do no damage. Your kick misses the bat.
Your headbutt misses the bat.
Your tail-slap misses the bat.
The bat barely misses you. The bat closely misses you.
An endoplasm comes into view.
Found 25 stones.
The bat hits you but does no damage. The bat hits you but does no damage.
You closely miss the bat.
The endoplasm quivers.
Your kick misses the bat. The bat hits you but does no damage.
The bat barely misses you. x2
You are too injured to fight recklessly!
You hit the bat.
You kill the bat!
The bat misses you.
You hit the bat but do no damage. Your headbutt misses the bat.
You tail-slap the bat.
The bat is severely wounded.
The bat hits you but does no damage.
You miss the bat. Your kick misses the bat.
The bat is moderately wounded.
The bat completely misses you.
You hit the endoplasm. You claw the endoplasm.
The endoplasm is almost dead.
The bat hits you but does no damage. The endoplasm hits you.
You barely miss the endoplasm.
The endoplasm is almost dead.
Your horns disappear.
Your talons disappear.
The bat hits you but does no damage. The endoplasm freezes you.
You are frozen.
* * * LOW HITPOINT WARNING * * *
You feel yourself slow down.
You hit the endoplasm but do no damage.
The endoplasm is almost dead.
The bat barely misses you. The endoplasm freezes you.
You are frozen.
You die...

............. ..
............. ...
.............
....#............
....#............
(................ #
#...#J†∩.......
.#..#.#..@.........
..........b......###
#.###.###.##.......
...........#.......
#.###.###.##.......
...........#.#.....
.##.###.##...#.[#########
#.......#.#.#..#.......#
...##.##...#....#..†....#


You could see an endoplasm and a bat.

Vanquished Creatures
  A quokka (D:1)
  A bat (D:1)
  A frilled lizard (D:1)
  A kobold (D:1)
4 creatures vanquished.

Notes
Turn   | Place    | Note
-------+----------+-------------------------------------------
     0 | D:1      | thegreatkingdan the Draconian Transmuter began the quest
                  | for the Orb.
     0 | D:1      | Reached XP level 1. HP: 16/16 MP: 3/3
    45 | D:1      | Found Tuirgheh's Assorted Antiques.
    88 | D:1      | Frozen to death by an endoplasm

Illustrated notes

Levels and vault maps discovered:
D:1:      dpeg_arrival_renting, layout_rooms, serial_shops, shop,
          nicolae_concentric_dashed_squares_wild, st_stairs_14,
          minmay_misc_feat_four_crosses

Action                   || total
-------------------------++-------
Melee: Unarmed           ||    10
       Short sword       ||     8
       Kick              ||     1
       Tailslap          ||     1
 Cast: Beastly Appendage ||     2
Armor: Skin              ||     7
Dodge: Dodged            ||     9

Table legend: (Time is in decaauts)
 A = Elapsed time spent in this place.
 B = Non-inter-level travel time spent in this place.
 C = Inter-level travel time spent in this place.
 D = Time resting spent in this place.
 E = Time spent auto-exploring this place.
 F = Levels seen in this place.
 G = Mean time per level.
                   A        B        C        D        E       F      G
               +--------+--------+--------+--------+--------+-----+--------+
         Total |     87 |     87 |      0 |      0 |     27 |   1 |   87.0 |
       Dungeon |     87 |     87 |      0 |      0 |     27 |   1 |   87.0 |
               +--------+--------+--------+--------+--------+-----+--------+

Top non-repeatable levels by time:
     D:1: 87 daAuts
